 Dungeon Crawl Stone Soup version 0.24-a0-769-g368c1644f8 (webtiles) character file.

Game seed: 9823242814149423816, levelgen mode: deterministic

2739 Erlindor the Archer (level 9, 0/82 HPs)
             Began as a Centaur Hunter on Oct 5, 2019.
             Was a Believer of the Shining One.
             Killed from afar by Erica (26 damage)
             ... with a bolt of poison
             ... on level 8 of the Dungeon.
             The game lasted 00:30:29 (8756 turns).

Erlindor the Archer (Centaur Hunter)                Turns: 8756, Time: 00:30:30

Health: 0/82       AC:  6    Str: 19    XL:     9   Next: 40%
Magic:  9/10       EV: 10    Int: 16    God:    the Shining One [**....]
Gold:   297        SH:  0    Dex: 12    Spells: 8/8 levels left

rFire    . . .     SeeInvis .   b - +2 battleaxe (freeze)
rCold    . . .     Gourm    .   (shield currently unavailable)
rNeg     + . .     Faith    .   D - +2 leather armour of Emmisi {Str+3 Int+6}
rPois    .         Spirit   .   (no helmet)
rElec    .         Reflect  .   (no cloak)
rCorr    .         Harm     .   (no gloves)
MR       .....                  (no barding)
Stlth    ..........             (no amulet)
HPRegen  0.23/turn              (no ring)
MPRegen  0.12/turn              (no ring)

@: confused, lethally poisoned (0 -> -18), divine shield, slowed, glowing
A: large, hooves 3, deformed body, speed 2, tough skin 3
a: Divine Shield, Renounce Religion


You were on level 8 of the Dungeon.
You worshipped the Shining One.
The Shining One was pleased with you.
You were not hungry.

You visited 1 branch of the dungeon, and saw 8 of its levels.

You collected 297 gold pieces.

Inventory:

Hand Weapons
 a - a +2 shortbow
 b - a +2 battleaxe of freezing (weapon)
Missiles
 d - 9 arrows
 n - 7 silver javelins (quivered)
Armour
 p - a +1 chain mail of cold resistance
 D - the +2 leather armour of Emmisi (worn) {Str+3 Int+6}
   (You found it on level 5 of the Dungeon)

   It affects your strength (+3).
   It affects your intelligence (+6).
Wands
 s - a wand of flame (15)
 C - a wand of digging (2)
Scrolls
 i - 7 scrolls of magic mapping
 j - 5 scrolls of remove curse
 m - 3 scrolls of amnesia
 u - a scroll of blinking
 v - a scroll of teleportation
 w - a scroll of fear {unknown}
 x - a scroll of enchant weapon
 y - a scroll of fog
Potions
 c - a potion of flight {unknown}
 e - 2 potions of curing
 g - 3 potions of lignification
 h - 2 potions of haste
 l - a potion of might {unknown}
 q - 3 potions of mutation
 r - a potion of cancellation {unknown}
 t - 4 potions of agility
 z - 3 potions of heal wounds
Comestibles
 f - 10 rations
 k - 2 chunks of flesh


   Skills:
 + Level 8.5 Fighting
 + Level 12.3 Bows
 - Level 0.7 Armour
 - Level 3.0 Dodging
 - Level 0.4 Stealth
 - Level 2.3 Invocations


You had 8 spell levels left.
You didn't know any spells.
Your spell library contained the following spells:

 Spells                   Type           Power        Failure   Level  Hunger
 Flame Tongue             Conj/Fire      #....        30%         1    ##.....
 Summon Small Mammal      Summ           #...         30%         1    ##.....
 Call Imp                 Summ           #.......     41%         2    ###....
 Throw Flame              Conj/Fire      #.....       41%         2    ###....
 Call Canine Familiar     Summ           #.......     65%         3    ####...
 Conjure Flame            Conj/Fire      #.......     65%         3    ####...
 Inner Flame              Hex/Fire       #.......     65%         3    ####...
 Summon Guardian Golem    Hex/Summ       #.......     65%         3    ####...
 Sticky Flame             Conj/Fire      #.......     96%         4    #####..
 Summon Ice Beast         Ice/Summ       #.......     96%         4    #####..
 Summon Lightning Spire   Summ/Air       #.......     96%         4    #####..
 Fireball                 Conj/Fire      #.........   100%        5    ######.


Dungeon Overview and Level Annotations

Branches:
Dungeon (8/15)             Temple (0/1) D:5            Lair (0/6) D:8

Altars:
Ashenzari
Fedhas
Vehumet
Wu Jian
Xom
The Shining One

Annotations:
D:8 Erica


Innate Abilities, Weirdness & Mutations

You have hooves in place of feet.
Armour fits poorly on your strangely shaped body.
You cover ground very quickly.
You have extremely tough skin. (AC +3)


Message History

A death yak comes into view.
You bump into the rock wall.
Erica hits you with a +2 scimitar of flaming.
Erica burns you.
Erica points at you and mumbles some strange words.
You are more confused.
Erica gestures at you while chanting. The bolt of poison hits you!!
You are poisoned.
You hear a bellow!
You bump into the rock wall.
You feel sick.
You feel sick. Erica gestures at you while chanting.
You are more confused.
You bump into the rock wall.
You feel sick.
A death yak comes into view.
Erica casts a spell at you. The bolt of poison hits you!!
You are more poisoned.
You die...

######.####.###.#######.#######.
#.# #.###.#######......... #.#
#...YY................ #.#
#####Y################ #.# #Y#
#.# #Y# #### #Y# #...
.########@# #.## .........@###
#.# #######.....# #.# ###)###
#.# #.....# #.# ##.#### #.#
....$# #.# ##.###### #.# ..+
#.#########.# .% #...........#


You could see 6 death yaks and Erica (invisible).

Vanquished Creatures
  A human (D:8)
  A water moccasin (D:6)
  3 orc warriors (D:6)
  A hornet zombie (D:6)
  2 sky beasts (D:7)
  3 ogres
  A phantom (D:7)
  3 bullfrogs
  2 scorpions
  2 killer bees
  4 wights (D:7)
  3 bullfrog zombies
  2 centaur zombies
  6 hounds
  3 orc wizards
  A bullfrog skeleton (D:5)
  3 orc priests
  Natasha (thrice) (D:2 D:4)
  An iguana (D:6)
  4 worker ants
  12 adders
  A shadow imp (D:6)
  An ooze (D:7)
  An adder skeleton (D:7)
  2 adder zombies (D:5)
  3 worms
  7 dart slugs
  6 leopard geckos
  28 orcs
  3 ball pythons
  14 giant cockroaches
  10 goblins
  3 hobgoblins
  15 jackals
  4 quokkas
  3 bats
  6 frilled lizards
  A jackal zombie (D:6)
  6 kobolds
  A leopard gecko skeleton (D:5)
  A leopard gecko zombie (D:6)
  4 rats
181 creatures vanquished.

Vanquished Creatures (others)
  2 bushes (D:8)
  4 fungi
  A plant (D:8)
7 creatures vanquished.

Grand Total: 188 creatures vanquished

Notes
Turn   | Place    | Note
-------+----------+-------------------------------------------
     0 | D:1      | Erlindor the Centaur Hunter began the quest for the Orb.
     0 | D:1      | Reached XP level 1. HP: 17/17 MP: 1/1
    88 | D:1      | Reached XP level 2. HP: 24/24 MP: 2/2
   198 | D:1      | Reached skill level 6 in Bows
   665 | D:2      | Noticed Natasha
   675 | D:2      | Killed Natasha
   675 | D:2      | Reached XP level 3. HP: 27/30 MP: 3/3
   691 | D:2      | Noticed Natasha
   698 | D:2      | Killed Natasha
   698 | D:2      | Reached skill level 7 in Bows
   698 | D:2      | Reached XP level 4. HP: 30/37 MP: 4/4
   781 | D:2      | Noticed Natasha
  1180 | D:2      | Found a glowing golden altar of the Shining One.
  1198 | D:2      | Became a worshipper of the Shining One
  1417 | D:3      | Reached XP level 5. HP: 38/44 MP: 5/5
  1932 | D:3      | Found a blossoming altar of Fedhas.
  2462 | D:3      | Reached skill level 8 in Bows
  2904 | D:4      | Found a shattered altar of Ashenzari.
  2911 | D:3      | Reached XP level 6. HP: 51/51 MP: 6/6
  3041 | D:4      | Found a radiant altar of Vehumet.
  3574 | D:4      | Killed Natasha
  3861 | D:4      | Found a shattered altar of Ashenzari.
  4053 | D:4      | Found a radiant altar of Vehumet.
  4396 | D:4      | Found a radiant altar of Vehumet.
  4706 | D:4      | Found a shattered altar of Ashenzari.
  4737 | D:5      | Entered Level 5 of the Dungeon
  4737 | D:5      | Found a staircase to the Ecumenical Temple.
  4900 | D:5      | Reached * piety under the Shining One
  5110 | D:5      | Reached XP level 7. HP: 47/60 MP: 7/7
  5418 | D:5      | Reached skill level 9 in Bows
  5505 | D:5      | Got a polished leather armour
  5539 | D:5      | Identified the +2 leather armour of Emmisi {Str+3 Int+6}
                  | (You found it on level 5 of the Dungeon)
  5728 | D:6      | Reached skill level 5 in Fighting
  5764 | D:6      | Reached skill level 1 in Invocations
  6162 | D:6      | Reached XP level 8. HP: 69/69 MP: 9/9
  6310 | D:6      | Reached skill level 10 in Bows
  7019 | D:7      | Found a shimmering altar of Xom.
  7023 | D:7      | Found an ornate altar of the Wu Jian Council.
  7125 | D:7      | Reached skill level 11 in Bows
  7207 | D:7      | Reached ** piety under the Shining One
  7403 | D:7      | Reached XP level 9. HP: 68/79 MP: 10/10
  7941 | D:8      | Found a staircase to the Lair.
  7941 | D:8      | Noticed a death yak
  8020 | D:8      | Reached skill level 12 in Bows
  8134 | D:8      | Noticed Erica
  8606 | D:8      | Found a blossoming altar of Fedhas.
  8748 | D:8      | Noticed a death yak
  8748 | D:8      | Noticed a death yak
  8750 | D:8      | Noticed a death yak
  8752 | D:8      | Noticed a death yak
  8756 | D:8      | Noticed a death yak
  8756 | D:8      | Killed from afar by Erica

Levels and vault maps discovered:
D:1:      onia_arrival_pentagram, layout_rooms, minmay_box_of_dots
D:2:      minmay_roachtagon, layout_rooms, serial_bayou_pond_a,
          nicolae_tso_swordbearing_angel, uniq_natasha
D:3:      layout_basic, fedhas_altar_3
D:4:      layout_cave_pods, overflow_temple_1_default, vehumet_crystals,
          first_ration
D:5:      layout_loops_cross, minmay_temple_entry_stoned_glass
D:6:      layout_basic
D:7:      layout_basic, chequers_temple_overflow_statue_of_worship
D:8:      layout_loops_ring, grunt_temple_overflow_forces_of_nature,
          lemuel_zombie_altar_yredelemnul, dpeg_lair_monsters, grunt_pizzeria,
          uniq_erica

Skill      XL: |  1  2  3  4  5  6  7  8  9 |
---------------+----------------------------+-----
Bows           | 6 7 8 9 11 12 | 12.3
Fighting       | 3 4 5 7 8 |  8.5
Dodging        | 2 3 |  3.0
Invocations    | 2 |  2.3
Armour         | |  0.7
Stealth        | |  0.4

Action                   |  1- 3 |  4- 6 |  7- 9 || total
-------------------------+-------+-------+-------++-------
Melee: Dagger            |       |    37 |       ||    37
       Kick              |       |    14 |    29 ||    43
       Battleaxe         |       |    24 |   112 ||   136
 Fire: Shortbow          |    70 |   196 |   154 ||   420
Throw: Javelin           |       |     2 |     3 ||     5
Invok: Divine Shield     |       |       |     1 ||     1
  Use: Scroll            |       |       |    17 ||    17
  Eat: Chunk             |       |     6 |     9 ||    15
       Ration            |       |     1 |       ||     1
Armor: Leather armour    |     3 |    28 |    56 ||    87
Dodge: Dodged            |    18 |    49 |    64 ||   131

Table legend:
 A = Non-vault XP
 B = Vault XP
 C = Vault XP percentage of total XP
 D = Non-vault monster count
 E = Vault monster count
 F = Vault count percentage of total count
                 A         B        C        D         E       F
            +---------+---------+-------+---------+---------+-------
      Total |    3642 |     272 |   6.9 |     168 |      13 |   7.2
            +---------+---------+-------+---------+---------+-------
        D:1 |      26 |       5 |  16.1 |      15 |       3 |  16.7
        D:2 |      93 |      53 |  36.3 |      17 |       9 |  34.6
        D:3 |     203 |       0 |   0.0 |      36 |       0 |   0.0
        D:4 |      81 |       0 |   0.0 |       8 |       0 |   0.0
        D:5 |     572 |       0 |   0.0 |      25 |       0 |   0.0
        D:6 |    1116 |       0 |   0.0 |      26 |       0 |   0.0
        D:7 |    1420 |       0 |   0.0 |      32 |       0 |   0.0
        D:8 |     131 |     214 |  62.0 |       9 |       1 |  10.0
            +---------+---------+-------+---------+---------+-------
